AoeStats
← arec

Arabia

510303222Analyzed
1v1 RM · 17h ago on Sep 30, 2026· 48m 31s· 2 players
Game mode
Random Map
Map size
Tiny (2 player)
Population
200
Speed
Normal
Resources
Standard
Victory
Conquest
Starting age
Dark Age
Ending age
Imperial Age
RankedLock teamsTeams togetherTeam positionsShared explorationLock speedFull tech treeHidden civsTurbo modeCheats
Victory
Defeat
🇹🇼 Georgians · Taiwan
1316
+16
🇬🇧 Burmese · United Kingdom
1321
-16
GNinder
6:36 Loom
7:05 Loom
9:06 Feudal Age
9:49 Double-Bit Axe
14:40 Fletching
22:00 Castle Age
20:51 Horse Collar
21:20 Stone Mining
22:24 Elite Skirmisher
23:47 Bow Saw
28:20 Svan Towers
32:19 Bodkin Arrow
33:17 Murder Holes
35:32 Wheelbarrow
35:42 Ballistics
35:15 Guard Tower
36:37 Treadmill Crane
41:40 Imperial Age
41:18 Pikeman
41:58 Squires
41:55 Halberdier
43:48 Chemistry
43:13 Arrowslits
44:25 Scale Mail Armor
44:36 Forging
45:12 Ballistics
47:34 Keep
47:45 Chain Mail Armor
48:05 Iron Casting
arec
7:18 Loom
10:06 Feudal Age
10:39 Man-at-Arms
21:23 Castle Age
19:56 Fletching
19:58 Horse Collar
20:40 Scale Mail Armor
21:28 Long Swordsman
22:29 Chain Mail Armor
28:00 Gambesons
35:11 Imperial Age
34:21 Scale Barding Armor
34:29 Gold Mining
35:17 Bloodlines
35:16 Husbandry
37:15 Chain Barding Armor
41:02 Forging
43:11 Iron Casting
43:06 Bloodlines
44:34 Plate Barding Armor
43:53 Town Watch
44:44 Wheelbarrow
44:16 Heavy Plow
44:42 Two-Handed Swordsman
45:23 Squires
46:37 Plate Mail Armor
47:08 Blast Furnace
46:23 Champion
47:05 Bodkin Arrow
48:22 Arson
Connection lost

Rejoining the realm…

Still unreachable

The connection could not be restored.

Session expired

The server has moved on; the page needs a fresh start.